AoeStats
← 上官皇甫

Arabian Desert

510073445Analyzed
1v1 RM · 5d ago on Sep 29, 2026· 78m 51s· 2 players
Game mode
Random Map
Map size
Tiny (2 player)
Population
200
Speed
Normal
Resources
Standard
Victory
Conquest
Starting age
Dark Age
Ending age
Imperial Age
RankedLock teamsTeams togetherTeam positionsShared explorationLock speedFull tech treeHidden civsTurbo modeCheats
Victory
Defeat
🇨🇳 Portuguese · China
236
+13
🇪🇸 Persians · Spain
177
-13
PALEOLOGOS1572
11:15 Feudal Age
11:58 Double-Bit Axe
16:18 Fletching
17:10 Man-at-Arms
18:35 Padded Archer Armor
19:02 Scale Mail Armor
20:02 Arson
21:56 Forging
29:50 Castle Age
28:13 Horse Collar
28:52 Gold Mining
31:02 Leather Archer Armor
33:31 Bodkin Arrow
34:14 Squires
34:42 Long Swordsman
36:34 Fervor
36:19 Town Watch
38:29 Scale Barding Armor
39:00 Crossbowman
39:06 Elite Skirmisher
39:53 Thumb Ring
41:32 Bloodlines
42:21 Wheelbarrow
43:17 Gold Shaft Mining
43:38 Heavy Plow
44:11 Chain Barding Armor
45:27 Iron Casting
50:20 Imperial Age
48:02 Husbandry
48:24 Stone Mining
49:54 Stone Shaft Mining
52:00 Crop Rotation
53:17 Block Printing
52:59 Herbal Medicine
53:01 Murder Holes
53:28 Ballistics
54:06 Conscription
54:13 Kamandaran
55:47 Bow Saw
73:29 Chemistry
76:47 Citadels
上官皇甫
0:55 Loom
12:56 Feudal Age
13:23 Horse Collar
13:33 Double-Bit Axe
13:47 Gold Mining
19:42 Stone Mining
24:31 Castle Age
32:01 Stone Shaft Mining
31:41 Bow Saw
32:20 Heavy Plow
37:17 Imperial Age
39:29 Two-Man Saw
46:01 Crop Rotation
47:36 Chemistry
51:33 Bombard Tower
58:26 Pikeman
59:19 Halberdier
65:17 Elite Organ Gun
Connection lost

Rejoining the realm…

Still unreachable

The connection could not be restored.

Session expired

The server has moved on; the page needs a fresh start.